 Dungeon Crawl Stone Soup version 0.22-a0-388-g09e6169 (webtiles) character file.

1194 sankara the Reanimator (level 8, -2/53 (57) HPs)
             Began as a Ghoul Necromancer on Apr 29, 2018.
             Slain by a gnoll
             ... wielding a +0 whip
              (4 damage)
             ... on level 4 of the Dungeon.
             The game lasted 00:21:27 (5976 turns).

sankara the Reanimator (Ghoul Necromancer)          Turns: 5976, Time: 00:21:28

HP:   -2/53 (57)    AC:  5    Str: 12    XL:     8   Next: 44%
MP:   20/20         EV: 11    Int: 15    God:
Gold: 236           SH:  0    Dex:  9    Spells: 5/13 levels left

rFire    . . .     SeeInvis .   a - +2 short sword (venom)
rCold    + . .     Gourm    .   (no shield)
rNeg     + + +     Faith    .   i - +0 leather armour
rPois    ∞         Spirit   .   B - +0 helmet
rElec    .         Reflect  .   l - +0 cloak
rCorr    .         Harm     .   (no gloves)
MR       .....                  (no boots)
Stlth    +.........             (no amulet)
HPRegen  0.00/turn              o - ring of magical power {MP+9}
MPRegen  0.17/turn              C - +3 ring of intelligence

@: rotting
A: rotting body, claws 1, carnivore, cold resistance 1, negative energy
resistance 3, inhibited regeneration, torment resistance, unbreathing
a: no special abilities


You were on level 4 of the Dungeon.
You were not hungry.

You visited 1 branch of the dungeon, and saw 6 of its levels.

You collected 236 gold pieces.

Inventory:

Hand Weapons
 a - a +2 short sword of venom (weapon)
   (You took it off a kobold on level 1 of the Dungeon)
 b - a +1 hunting sling of freezing
   (You took it off a goblin on level 2 of the Dungeon)
Missiles
 h - 23 sling bullets
 n - 185 stones (quivered)
Armour
 i - a +0 leather armour (worn)
   (You found it on level 1 of the Dungeon)
 l - a +0 cloak (worn)
   (You took it off Crazy Yiuf on level 2 of the Dungeon)
 x - a +2 shield
   (You found it on level 2 of the Dungeon)
 B - a +0 helmet (worn)
   (You found it on level 5 of the Dungeon)
Jewellery
 o - a ring of magical power (left claw) {MP+9}
   (You found it on level 2 of the Dungeon)
 y - an uncursed ring of fire {rF+, rC-}
   (You found it on level 3 of the Dungeon)
 C - a +3 ring of intelligence (right claw)
   (You found it on level 5 of the Dungeon)
Scrolls
 d - 2 scrolls of remove curse {unknown}
 g - a scroll of magic mapping {unknown}
 p - a scroll of blinking {unknown}
 u - 2 scrolls of teleportation {unknown}
 v - a scroll of amnesia {unknown}
 w - 4 scrolls of identify {unknown}
 A - a scroll of noise {unknown}
 D - a scroll of enchant weapon {unknown}
Potions
 e - a potion of haste {unknown}
 f - a potion of ambrosia {unknown}
 j - a potion of brilliance {unknown}
 k - 3 potions of curing
 r - 2 potions of degeneration {unknown}
 s - 4 potions of flight
 t - a potion of might {unknown}
Comestibles
 c - 8 rations


   Skills:
 - Level 1.7 Dodging
 - Level 2.1 Stealth
 - Level 3.1 Spellcasting
 + Level 10.1 Necromancy


You had 5 spell levels left.
You knew the following spells:

 Your Spells              Type           Power        Failure   Level  Hunger
a - Pain                  Necr           ####         1%          1    #......
b - Vampiric Draining     Necr           ####......   1%          3    ###....
c - Animate Skeleton      Necr           N/A          1%          1    #......
e - Regeneration          Chrm/Necr      ###.......   10%         3    ###....


Dungeon Overview and Level Annotations

Branches:
Dungeon (6/15)
 Temple: D:4-7

Altars:
Nemelex Xobeh

Annotations:
D:3 Totori's ghost, weakling GrFi


Innate Abilities, Weirdness & Mutations

Your body is rotting away.
You thrive on raw meat.
You are immune to poison.
You have sharp fingernails.
You are carnivorous and can eat meat at any time.
Your flesh is cold resistant. (rC+)
You are immune to negative energy. (rN+++)
You do not regenerate when monsters are visible.
You are immune to unholy pain and torment.
You can survive without breathing.


Message History

Your +2 short sword of venom stops dripping with poison.
Your +1 hunting sling of freezing is covered in frost.
b - a +1 hunting sling of freezing (weapon)
The gnoll hits you but does no damage.
Really attack while wielding your +1 hunting sling of freezing? [Y]es or [N]o only, please.
Really attack while wielding your +1 hunting sling of freezing? [Y]es or [N]o only, please.
Really attack while wielding your +1 hunting sling of freezing?
Okay, then.
Your +1 hunting sling of freezing stops glowing.
Your +2 short sword of venom begins to drip with poison!
a - a +2 short sword of venom (weapon)
You hit the gnoll.
The gnoll is poisoned.
The gnoll is severely wounded.
The gnoll hits you with a flail.
You hit the gnoll.
The gnoll looks as sick as possible!
The gnoll is almost dead.
You kill the gnoll!
The hound skeleton barely misses you.
You hit the hound skeleton.
The hound skeleton is lightly damaged.
The hound skeleton closely misses you. The gnoll barely misses you.
A gnoll comes into view.
You hit the hound skeleton.
The hound skeleton is lightly damaged.
The hound skeleton bites you but does no damage.
The gnoll hits you from afar with a halberd.
The hound skeleton closely misses you.
You closely miss the hound skeleton.
The hound skeleton is lightly damaged.
The hound skeleton bites you but does no damage.
The gnoll barely misses you.
You hit the hound skeleton.
The hound skeleton is moderately damaged.
The hound skeleton bites you but does no damage.
The hound skeleton closely misses you.
The gnoll hits you from afar with a halberd.
You hit the hound skeleton.
The hound skeleton is moderately damaged.
The hound skeleton bites you but does no damage.
You hit the hound skeleton.
The hound skeleton is heavily damaged.
The gnoll misses you. The hound skeleton closely misses you.
You puncture the hound skeleton!
The hound skeleton is almost destroyed.
The hound skeleton closely misses you.
The gnoll hits you from afar with a halberd.
The hound skeleton barely misses you.
You hit the hound skeleton.
The hound skeleton is almost destroyed.
The gnoll closely misses you. The hound skeleton bites you.
Your leather armour prevents you from hitting the hound skeleton.
The hound skeleton is almost destroyed.
The hound skeleton misses you.
The gnoll hits you from afar with a halberd.
The hound skeleton barely misses you.
You barely miss the hound skeleton.
The hound skeleton is almost destroyed.
The hound skeleton closely misses you. The gnoll hits you but does no damage.
You hit the hound skeleton.
You destroy the hound skeleton!
The gnoll hits you from afar with a halberd!
Casting: Pain (safe; 1% risk of failure)
Confirm with . or Enter, or press ? or * to list all spells.
Aiming: Pain (safe; 1% risk of failure)
Press: ? - help, Shift-Dir - straight line, f - gnoll
Aim: a gnoll, wielding a whip (chance to defeat MR: 89%)
The gnoll writhes in agony!
The gnoll hits you but does no damage.
The gnoll hits you from afar with a halberd!
* * * LOW HITPOINT WARNING * * *
There is a stone staircase leading up here.
The gnoll completely misses you. The gnoll barely misses you.
You climb upwards.
There is a stone staircase leading down here.
You see here a leather armour.
Casting: Pain (safe; 1% risk of failure)
Confirm with . or Enter, or press ? or * to list all spells.
Aiming: Pain (safe; 1% risk of failure)
Press: ? - help, Shift-Dir - straight line, f - gnoll
Aim: a gnoll, wielding a whip (moderately wounded, chance to defeat MR: 89%)
The gnoll writhes in agony!
The gnoll hits you with a whip!
* * * LOW HITPOINT WARNING * * *
You barely miss the gnoll.
The gnoll is almost dead.
The gnoll hits you but does no damage.
You barely miss the gnoll.
The gnoll is almost dead.
The gnoll misses you.
You barely miss the gnoll.
The gnoll is almost dead.
The gnoll barely misses you.
You closely miss the gnoll.
The gnoll is almost dead.
The gnoll hits you with a whip.
* * * LOW HITPOINT WARNING * * *
You closely miss the gnoll.
The gnoll is almost dead.
The gnoll hits you with a whip.
You die...

####.#########........##.#
#.......# #####......o#
#.##.##.# ####o####
#.##.##.## #.#
#.##.....######## #o######
#.####..........# #.......
#.........#.###.#####o#####.
######.#..#g..)..!....##....
#.#..[@.##.#####.##.##.
#.##.#.###.# ###.......
#.##.......# #.........
#......##### #.###.#.##
######## #.##.###.# #.#.##
##. #.##.###.# #.##..#.##
#.....[.#


You could see a gnoll.

Vanquished Creatures
  Grinder (D:4)
  An orc warrior (D:6)
  An ogre (D:5)
  A centaur (D:6)
  A bullfrog (D:6)
  A wyvern skeleton (D:6)
  2 crimson imps
  A centaur zombie (D:6)
  2 orc priests
  3 hounds
  2 orc wizards
  Crazy Yiuf (D:2)
  3 worker ants
  2 hound skeletons
  A gnoll (D:5)
  8 adders
  2 shadow imps
  An ooze (D:5)
  2 dart slugs (D:1)
  4 worms
  5 leopard geckos
  12 orcs
  4 bats
  5 giant cockroaches
  8 goblins
  9 hobgoblins
  3 jackals (D:1)
  3 quokkas
  A ball python (D:5)
  6 frilled lizards
  A giant cockroach zombie (D:6)
  A jackal skeleton (D:4)
  5 kobolds
  2 quokka zombies (D:6)
  6 rats
111 creatures vanquished.

Vanquished Creatures (collateral kills)
  A bullfrog (D:6)
  An adder (D:4)
  A leopard gecko (D:1)
  A giant cockroach (D:1)
  A jackal (D:1)
  A kobold (D:1)
6 creatures vanquished.

Grand Total: 117 creatures vanquished

Notes
Turn   | Place    | Note
-------+----------+-------------------------------------------
     0 | D:1      | sankara the Ghoul Necromancer began the quest for the Orb.
     0 | D:1      | Reached XP level 1. HP: 14/14 MP: 2/2
   196 | D:1      | Reached skill level 2 in Spellcasting
   203 | D:1      | Learned a level 1 spell: Animate Skeleton
   252 | D:1      | Reached XP level 2. HP: 16/20 MP: 2/4
   535 | D:1      | HP: 4/20 [jackal (3)]
   540 | D:1      | HP: 1/20 [jackal (3)]
   886 | D:1      | Reached XP level 3. HP: 22/26 MP: 5/5
   946 | D:1      | Learned a level 3 spell: Vampiric Draining
  1713 | D:2      | Reached XP level 4. HP: 31/33 MP: 7/7
  1818 | D:2      | Found a runed door.
  2117 | D:2      | Noticed Crazy Yiuf
  2129 | D:2      | Killed Crazy Yiuf
  2129 | D:2      | Reached skill level 3 in Spellcasting
  2129 | D:2      | Reached skill level 5 in Necromancy
  2323 | D:3      | Reached XP level 5. HP: 37/38 MP: 8/8
  2345 | D:3      | Learned a level 3 spell: Regeneration
  2810 | D:3      | Noticed Totori's ghost (weakling GrFi)
  3222 | D:4      | Reached skill level 6 in Necromancy
  3339 | D:4      | Reached XP level 6. HP: 38/45 MP: 9/9
  3664 | D:4      | You fall through a shaft!
  3664 | D:5      | Entered Level 5 of the Dungeon
  3722 | D:5      | Reached skill level 7 in Necromancy
  3744 | D:5      | Reached XP level 7. HP: 22/50 MP: 10/10
  4056 | D:6      | Reached skill level 8 in Necromancy
  4641 | D:6      | Reached skill level 9 in Necromancy
  4691 | D:6      | Reached XP level 8. HP: 15/56 MP: 11/11
  4692 | D:6      | Found a sparkling altar of Nemelex Xobeh.
  5056 | D:4      | Noticed Grinder
  5073 | D:4      | Paralysed by Grinder for 3 turns
  5080 | D:4      | Paralysed by Grinder for 5 turns
  5082 | D:4      | HP: 13/57 [Grinder (3)]
  5083 | D:4      | HP: 5/57 [Grinder (8)]
  5089 | D:4      | HP: 12/57 [Grinder (9)]
  5098 | D:4      | HP: 10/57 [Grinder (5)]
  5100 | D:4      | Killed Grinder
  5416 | D:4      | Reached skill level 10 in Necromancy
  5971 | D:4      | HP: 7/53 [gnoll/whip (7)]
  5975 | D:4      | HP: 2/53 [gnoll/whip (5)]
  5976 | D:4      | Slain by a gnoll

Vault maps used:
D:1:      nagdon_arrival_zigzag_paths
D:2:      first_ration, minmay_misc_feat_secret_circle, uniq_crazy_yiuf_cottage
D:4:      uniq_grinder
D:5:      uniq_ijyb
D:6:      minmay_overflow_temple_star_hex, lightli_temple_of_fire,
          interstate_on_off, nemelex_lonely_heart_becter, uniq_sigmund

Skill      XL: |  1  2  3  4  5  6  7  8 |
---------------+-------------------------+-----
Spellcasting   | 2 3 |  3.1
Necromancy     | 5 6 7 9 10 | 10.1
Dodging        | |  1.7
Stealth        | |  2.1

Action                   |  1- 3 |  4- 6 |  7- 9 || total
-------------------------+-------+-------+-------++-------
Melee: Unarmed           |    61 |       |       ||    61
       Short sword       |    46 |   195 |   102 ||   343
 Fire: Hunting sling     |       |    25 |    39 ||    64
Throw: Stone             |       |       |     3 ||     3
 Cast: Pain              |    11 |     3 |    15 ||    29
       Animate Skeleton  |    17 |    18 |     7 ||    42
       Regeneration      |       |     1 |     1 ||     2
  Use: Potion            |       |       |     4 ||     4
 Stab: Sleeping          |     2 |     2 |       ||     4
       Distracted        |       |     1 |       ||     1
  Eat: Chunk             |     6 |    30 |    15 ||    51
Armor: Robe              |     8 |       |       ||     8
       Leather armour    |     2 |    48 |    36 ||    86
Dodge: Dodged            |    78 |    97 |    71 ||   246

Table legend:
 A = Spawn XP
 B = Non-spawn XP
 C = Spawn XP percentage of total XP
 D = Spawn monster count
 E = Non-spawn monster count
 F = Spawn count percentage of total count
 G = Total turns spent on level
                    A         B        C        D         E        F      G
               +---------+---------+-------+---------+---------+-------+---------
         Total |       0 |    1707 |   0.0 |       0 |     117 |   0.0 |  5976
               +---------+---------+-------+---------+---------+-------+---------
           D:1 |       0 |      43 |   0.0 |       0 |      25 |   0.0 |  1251
           D:2 |       0 |     111 |   0.0 |       0 |      20 |   0.0 |  1373
           D:3 |       0 |      93 |   0.0 |       0 |      26 |   0.0 |   814
           D:4 |       0 |     600 |   0.0 |       0 |      20 |   0.0 |  1185
           D:5 |       0 |     317 |   0.0 |       0 |      13 |   0.0 |   531
           D:6 |       0 |     543 |   0.0 |       0 |      13 |   0.0 |   822
               +---------+---------+-------+---------+---------+-------+---------

Vault maps used:
D:1:      nagdon_arrival_zigzag_paths
D:2:      first_ration, minmay_misc_feat_secret_circle, uniq_crazy_yiuf_cottage
D:4:      uniq_grinder
D:5:      uniq_ijyb
D:6:      minmay_overflow_temple_star_hex, lightli_temple_of_fire,
          interstate_on_off, nemelex_lonely_heart_becter, uniq_sigmund

Table legend:
 A = Turns spent in this place as a percentage of turns spent in the entire game.
 B = Non-inter-level travel turns spent in this place as a percentage of non-inter-level travel turns spent in the entire game.
 C = Inter-level travel turns spent in this place as a percentage of turns spent in this place.
 D = Turns resting spent in this place as a percentage of non-inter-level travel turns spent in this place.
 E = Turns spent auto-exploring this place as a percentage of non-inter-level travel turns spent in this place.
 F = Non-inter-level travel turns spent in this place divided by the number of levels of this place that you've seen.
                   A       B       C       D       E      F
               +-------+-------+-------+-------+-------+----------------------
         Total | 100.0 | 100.0 |   5.4 |  33.3 |  40.1 | 942.3
       Dungeon | 100.0 | 100.0 |   5.4 |  33.3 |  40.1 | 942.3
               +-------+-------+-------+-------+-------+----------------------

Table legend:
 A = Kills in this place as a percentage of kills in entire the game.
 B = Kills by you in this place as a percentage of kills by you in the entire game.
 C = Kills by friends in this place as a percentage of kills by friends in the entire game.
 D = Other kills in this place as a percentage of other kills in the entire game.
 E = Experience gained in this place as a percentage of experience gained in the entire game.
 F = Experience gained in this place divided by the number of levels of this place that you have seen.
                   A       B       C       D       E      F
               +-------+-------+-------+-------+-------+----------------------
         Total | 100.0 | 100.0 | 100.0 |   N/A | 100.0 | 284.5
       Dungeon | 100.0 | 100.0 | 100.0 |   N/A | 100.0 | 284.5
               +-------+-------+-------+-------+-------+----------------------
